 Dungeon Crawl Stone Soup version 0.31.0-11-ge490571c62 (webtiles) character file.

Game seed: 8401793854419962490

171 qw the Skirmisher (level 5, -3/29 HPs)
             Began as a Deep Elf Hunter on Feb 5, 2024.
             Slain by a water moccasin (7 damage)
             ... on level 4 of the Dungeon.
             The game lasted 00:00:15 (2453 turns).

qw the Skirmisher (Deep Elf Hunter)                 Turns: 2453, Time: 00:00:15

Health: -3/29      AC:  7    Str: 10    XL:     5   Next: 26%
Magic:  7/7        EV: 11    Int: 14    God:
Gold:   208        SH:  0    Dex: 18    Spells: 4/4 levels left

rFire   . . .        a - +0 shortbow
rCold   . . .        (shield currently unavailable)
rNeg    . . .        j - +0 ring mail
rPois   .            (no helmet)
rElec   .            (no cloak)
rCorr   .            (no gloves)
SInv    .            c - +1 pair of boots
Will    .....        (no amulet)
Stlth   +            (no ring)
HPRegen 0.24/turn    (no ring)
MPRegen 0.10/turn

%: no passive effects
@: lethally poisoned (-3 -> -11), hasted, very quick
A: no striking features
a: no special abilities


You were on level 4 of the Dungeon.
You visited 1 branch of the dungeon, and saw 4 of its levels.

You collected 208 gold pieces.


   Skills:
 - Level 1.5 Fighting
 + Level 8.7 Ranged Weapons
 - Level 2.4 Dodging
 - Level 1.2 Stealth


You had 4 spell levels left.
You didn't know any spells.
Your spell library was empty.

Inventory:

Hand Weapons
 a - a +0 shortbow (weapon)
Armour
 c - a +1 pair of boots (worn)
 j - a +0 ring mail (worn)
Potions
 d - a potion of might
 i - a potion of mutation

Dungeon Overview and Level Annotations

Branches:
Dungeon (4/15)
 Temple: D:4-7

Altars:
Dithmenos


Message History

There is an open door here.
2443 ||| DRINKING potion of haste.
You feel yourself speed up.
You shoot an arrow.
The arrow closely misses the water moccasin.
You shoot an arrow. The arrow hits the water moccasin.
The water moccasin is moderately wounded.
The water moccasin bites you.
You shoot an arrow. The arrow hits the water moccasin.
The water moccasin is moderately wounded.
The water moccasin bites you.
The giant cockroach waves its antennae.
The water moccasin bites you.
You shoot an arrow. The arrow hits the water moccasin.
The water moccasin is heavily wounded.
The water moccasin closely misses you.
You shoot an arrow.
The arrow barely misses the water moccasin.
The water moccasin bites you!
You shoot an arrow.
The arrow barely misses the water moccasin.
The water moccasin bites you but does no damage.
You shoot an arrow. The arrow misses the water moccasin.
The water moccasin bites you.
You are lethally poisoned!
The water moccasin poisons you!
A goblin comes into view. It is wielding a +0 dagger.
The giant cockroach misses you.
You shoot an arrow.
The arrow barely misses the water moccasin.
The goblin shouts!
You feel very sick. The water moccasin bites you.
The giant cockroach barely misses you.
You shoot an arrow. The arrow hits the water moccasin.
The water moccasin is severely wounded.
You feel sick. The water moccasin barely misses you.
You shoot an arrow.
The arrow hits the water moccasin but does no damage.
The water moccasin is severely wounded.
You feel sick. The water moccasin bites you!
You die...

#....#
#....#....#
#....#....+
#...g#....#
#....#....#
#..<.#....#
#....#....+
#....#S(..#
+....@B...#
#....####+#
#.....
#####.. ...
.... .....
......


You could see a water moccasin, a giant cockroach and a goblin.

Vanquished Creatures
  A hound (D:3)
  A gnoll (D:3)
  6 adders
  2 ribbon worms
  2 dart slugs
  An orc (D:3)
  7 bats
  5 endoplasms
  2 giant cockroaches
  8 goblins
  8 hobgoblins
  4 quokkas
  5 ball pythons
  6 frilled lizards
  7 kobolds
  7 rats
72 creatures vanquished.

Notes
Turn   | Place    | Note
-------+----------+-------------------------------------------
     0 | D:1      | qw the Deep Elf Hunter began the quest for the Orb.
     0 | D:1      | Reached XP level 1. HP: 12/12 MP: 3/3
     0 | D:1      | 0 ||| qw: Version: 0.3-a-160-g6735b56
     0 | D:1      | 0 ||| qw: Game counter: 6151
     0 | D:1      | 0 ||| qw: Melee chars always use a shield: true
     0 | D:1      | 0 ||| qw: God list: Okawaru
     0 | D:1      | 0 ||| qw: Allow faded altars: false
     0 | D:1      | 0 ||| qw: Do Orc after clearing Dungeon:15 true
     0 | D:1      | 0 ||| qw: Do second Lair branch before Depths: true
     0 | D:1      | 0 ||| qw: Lair rune preference: random
     0 | D:1      | 0 ||| qw: Goals: Normal
     0 | D:1      | 0 ||| PLANNING D:1-11
    83 | D:1      | Reached XP level 2. HP: 16/16 MP: 4/4
   115 | D:1      | Reached skill level 6 in Ranged Weapons
   409 | D:1      | Found a faded altar of an unknown god.
   589 | D:1      | 589 ||| READING 2 scrolls labelled MOC RECOIN.
   589 | D:1      | 589 ||| IDENTIFYING lumpy amethyst potion
   590 | D:1      | 590 ||| READING scroll of identify.
   590 | D:1      | 590 ||| IDENTIFYING inky potion
   591 | D:1      | 591 ||| READING scroll labelled SUTTUM QICK.
   592 | D:1      | 592 ||| READING 2 scrolls labelled TIXZAD XUFRI.
   595 | D:1      | 595 ||| DROPPING scroll of butterflies.
   596 | D:1      | 596 ||| DROPPING potion of invisibility.
   718 | D:2      | Reached XP level 3. HP: 17/20 MP: 5/5
   756 | D:2      | Reached skill level 7 in Ranged Weapons
  1304 | D:2      | Reached XP level 4. HP: 20/25 MP: 6/6
  1340 | D:2      | 1340 ||| UPGRADING to +0 ring mail.
  1350 | D:2      | 1350 ||| DROPPING +0 leather armour.
  1351 | D:2      | 1351 ||| READING scroll of identify.
  1351 | D:2      | 1351 ||| IDENTIFYING bubbling grey potion
  1352 | D:2      | 1352 ||| READING scroll labelled MATZAR TIR UMAFUL.
  1396 | D:3      | 1396 ||| STAIRDANCE
  1401 | D:3      | 1401 ||| STAIRDANCE
  1471 | D:3      | Found a shadowy altar of Dithmenos.
  1550 | D:3      | Reached skill level 8 in Ranged Weapons
  1557 | D:3      | HP: 6/25 [poisoned by an adder]
  1558 | D:3      | 1558 ||| READING scroll of teleportation.
  1559 | D:3      | HP: 2/25 [adder (3)]
  1886 | D:3      | Reached XP level 5. HP: 29/29 MP: 7/7
  1967 | D:3      | HP: 6/29 [gnoll/+0 spear (8)]
  1970 | D:3      | 1970 ||| FLEEEEING.
  1971 | D:3      | 1971 ||| FLEEEEING.
  1972 | D:3      | 1972 ||| FLEEEEING.
  2408 | D:3      | 2408 ||| UPGRADING to +1 pair of boots.
  2413 | D:3      | 2413 ||| READING 3 scrolls of identify.
  2413 | D:3      | 2413 ||| IDENTIFYING fizzy ruby potion
  2414 | D:3      | 2414 ||| READING 2 scrolls of identify.
  2414 | D:3      | 2414 ||| IDENTIFYING amethyst potion
  2415 | D:3      | 2415 ||| READING scroll of identify.
  2415 | D:3      | 2415 ||| IDENTIFYING glowing golden potion
  2416 | D:3      | 2416 ||| DROPPING potion of degeneration.
  2417 | D:3      | 2417 ||| DROPPING potion of ambrosia.
  2442 | D:4      | Noticed a water moccasin
  2443 | D:4      | 2443 ||| DRINKING potion of haste.
  2452 | D:4      | HP: 6/29 [poisoned by a water moccasin]
  2453 | D:4      | Slain by a water moccasin

Levels and vault maps discovered:
D:1:      lemuel_arrival_lava_pool, layout_loops_cross,
          ebering_ecumenical_altar_sacrificial
D:2:      layout_basic, wander_ebering_terrifying_dragon_lair
D:3:      layout_loops_ring, mainiacjoe_overflow_cross_hatched,
          minmay_misc_feat_x, minmay_unequal
D:4:      layout_gridville

Skill      XL: |  1  2  3  4 |
---------------+-------------+-----
Ranged Weapons | 6 7 8 |  8.7
Fighting       | |  1.5
Dodging        | |  2.4
Stealth        | |  1.2

Action                     |  1- 3 |  4- 6 || total
---------------------------+-------+-------++-------
   Fire: Shortbow          |   115 |   105 ||   220
    Use: Scroll            |     4 |     6 ||    10
         Potion            |       |     1 ||     1
 Armour: Leather armour    |    14 |       ||    14
         Ring mail         |       |    50 ||    50
  Dodge: Dodged            |    24 |    41 ||    65

Table legend:
 A = Non-vault XP
 B = Vault XP
 C = Vault XP percentage of total XP
 D = Non-vault monster count
 E = Vault monster count
 F = Vault count percentage of total count
                 A         B        C        D         E       F
            +---------+---------+-------+---------+---------+-------
      Total |     225 |      20 |   8.2 |      67 |       5 |   6.9
            +---------+---------+-------+---------+---------+-------
        D:1 |      31 |       0 |   0.0 |      19 |       0 |   0.0
        D:2 |      78 |       1 |   1.3 |      25 |       1 |   3.8
        D:3 |     116 |      19 |  14.1 |      23 |       4 |  14.8
            +---------+---------+-------+---------+---------+-------
